cohdb
Replays
Latest Replays
All Replays
Popular Replays
Top Player Replays
Match Explorer
How It Works
Community
CoH3 Stats
Reddit
Sign in to upload your games and track your stats! →
Sign in with Steam
Match 47044005
Unlisted
Match 47044005
Overview
Messages
Build Orders
End
Construct Barracks
Engineer Squad
1⁄4-ton 4x4 Truck
Riflemen Squad
Construct Weapon Support Center
Bazooka Squad
Riflemen Squad
Riflemen Squad
Air Support Center
P-47 Strafing Run
P-47 Dive Bomb
Construct Medical Station
M3 Armored Personnel Carrier
john c872
mikola86
Betrazen
Zlatan
likewind3
Aeites
0
0
Comments
sign in to comment!
No comments posted yet!